 Dungeon Crawl Stone Soup version 0.29-a0-25-g7f48f510a0 (webtiles) character file.

Game seed: 2504122989350473726

6186 siradein the Skirmisher (level 10, -9/88 HPs)
             Began as a Grey Draconian Transmuter on Feb 1, 2022.
             Was a Follower of Makhleb.
             Killed from afar by Joseph (14 damage)
             ... with an iceblast
             ... on level 8 of the Dungeon.
             The game lasted 00:43:43 (11883 turns).

siradein the Skirmisher (DrTm)                     Turns: 11883, Time: 00:43:44

Health: -9/88      AC:  2    Str: 12    XL:     10   Next: 60%
Magic:  17/19      EV: 31    Int: 15    God:    Makhleb [*.....]
Gold:   420        SH:  0    Dex: 26    Spells: 12/22 levels left

rFire   . . .      SeeInvis .     - Unarmed
rCold   . . .      Faith    .   (shield currently unavailable)
rNeg    . . .      Spirit   .   (armour unavailable)
rPois   x          Reflect  .   (helmet currently unavailable)
rElec   .          Harm     .   (cloak currently unavailable)
rCorr   .          Rampage  .   (gloves currently unavailable)
Will    .....                   (boots currently unavailable)
Stlth   ++........              (no amulet)
HPRegen 0.24/turn               x - +4 ring of evasion
MPRegen 0.16/turn               j - +6 ring of dexterity

@: spider-form, wereblooded
A: venomous fangs, AC +12, (amphibious), tiny, unfitting armour, (cold-blooded)
a: End Transformation, Renounce Religion


You were on level 8 of the Dungeon.
You worshipped Makhleb.
Makhleb was aware of your devotion.
You were a venomous arachnid creature.
You visited 2 branches of the dungeon, and saw 9 of its levels.

You collected 420 gold pieces.

Inventory:

Hand Weapons
 t - the +8 spear of Xomedd (melded) {vorpal, rCorr}
   (You took it off an orc on level 6 of the Dungeon)

   It inflicts extra damage upon your enemies.
   rCorr:     It protects you from acid and corrosion.
Missiles
 u - 10 poisoned darts
Armour
 y - a +2 cloak (melded)
Jewellery
 g - a ring of flight
 j - a +6 ring of dexterity (right front leg)
 x - a +4 ring of evasion (left front leg)
Wands
 d - a wand of acid (7)
 z - a wand of polymorph (7)
Scrolls
 a - 2 scrolls of amnesia
 f - 6 scrolls of teleportation
 i - 2 scrolls of acquirement
 k - a scroll of silence {unknown}
 n - 2 scrolls of enchant armour {unknown}
 o - 2 scrolls of vulnerability {unknown}
 p - 2 scrolls of magic mapping {unknown}
 q - 2 scrolls of holy word {unknown}
 s - 2 scrolls of blinking {unknown}
 v - a scroll of fear {unknown}
 B - a scroll of immolation {unknown}
Potions
 b - a potion of ambrosia
 c - 3 potions of flight
 e - 8 potions of curing
 h - a potion of cancellation
 l - a potion of mutation {unknown}
 m - 2 potions of lignification {unknown}
 r - a potion of invisibility {unknown}
 w - a potion of heal wounds {unknown}
 A - a potion of haste {unknown}


   Skills:
 + Level 7.7 Fighting
 + Level 6.6 Dodging
 + Level 7.5 Unarmed Combat
 + Level 6.6 Spellcasting
 + Level 7.2 Transmutations
 + Level 4.4 Invocations


You had 12 spell levels left.
You knew the following spells:

 Your Spells              Type           Power      Damage    Failure   Level
a - Beastly Appendage     Tmut           52%        N/A       4%          1
b - Wereblood             Tmut           26%        N/A       5%          2
c - Spider Form           Tmut/Pois      15%        N/A       24%         3
d - Ice Form              Ice/Tmut       15%        N/A       52%         4

Your spell library contained the following spells:

 Spells                   Type           Power      Damage    Failure   Level
 Slow                     Hex            16%        N/A       32%         1
 Summon Small Mammal      Summ           16%        N/A       32%         1
 Ignite Poison            Fire/Tmut/Pois 12%        N/A       34%         3
 Blink                    Tloc           8%         N/A       43%         2
 Corpse Rot               Necr/Air       8%         N/A       43%         2
 Poisonous Vapours        Pois/Air       8%         N/A       43%         2
 Call Canine Familiar     Summ           4%         N/A       61%         3
 Confusing Touch          Hex            4%         N/A       61%         3
 Conjure Flame            Conj/Fire      4%         6-21      61%         3
 Inner Flame              Hex/Fire       4%         N/A       61%         3
 Lesser Beckoning         Tloc           4%         N/A       61%         3
 Summon Guardian Golem    Hex/Summ       4%         N/A       61%         3
 Vampiric Draining        Necr           4%         2d6       61%         3
 Airstrike                Air            2%         N/A       92%         4
 Animate Dead             Necr           2%         N/A       92%         4
 Cause Fear               Hex            2%         N/A       92%         4
 Sticky Flame             Conj/Fire      4%         2d3       92%         4
 Summon Lightning Spire   Summ/Air       4%         N/A       92%         4
 Lightning Bolt           Conj/Air       2%         1d13      99%         5
 Manifold Assault         Tloc           4%         N/A       99%         5
 Dispersal                Tloc           2%         N/A       100%        6
 Haunt                    Necr/Summ      2%         N/A       100%        7
 Discord                  Hex            2%         N/A       100%        8
 Disjunction              Tloc           2%         N/A       100%        8
 Infestation              Necr           2%         N/A       100%        8


Dungeon Overview and Level Annotations

Branches:
Dungeon (8/15)             Temple (1/1) D:6
   Lair: D:8-11

Altars:
Ashenzari
Cheibriados
Dithmenos
Elyvilon
Fedhas
Gozag
Hepliaklqana
Kikubaaqudgha
Makhleb
Nemelex Xobeh
Okawaru
Qazlal
Ru
Sif Muna
Trog
Uskayaw
Vehumet
Wu Jian
Xom
Yredelemnul
Zin
The Shining One

Shops:
D:3 =

Annotations:
D:8 Joseph


Innate Abilities, Weirdness & Mutations

You are a venomous arachnid creature.
You have poisonous fangs.
You are tiny and dextrous.
Your spellcasting is less reliable in this form.
Your armour is entirely melded.
You are incapable of wielding weapons or throwing items.
((Your dull iron-grey scales are very hard. (AC +12)))
((You are amphibious.))
You cannot fit into any form of body armour.
((You are cold-blooded and may be slowed by cold attacks.))


Message History

Casting: Wereblood (safe; 1% risk of failure)
Confirm with . or Enter, or press ? or * to list all spells.
Your horns disappear.
Your talons disappear.
You turn into a venomous arachnid creature.
The +8 spear of Xomedd {vorpal, rCorr} melds into your body.
Your +2 cloak melds into your body.
Joseph zaps a wand.
The mass of ice explodes!
The iceblast engulfs you!
You hit the kobold.
You feel a bit better.
You kill the kobold!
Makhleb accepts your kill.
Joseph unwields a +0 hunting sling.
Joseph wields a +0 quarterstaff.
Joseph hits you with a +0 quarterstaff!
The kobold brigand throws a poisoned dart.
The poisoned dart completely misses you.
Things that are here:
a +0 club; a stone; a kobold corpse You hit Joseph.
Joseph is lightly wounded.
Joseph hits you with a +0 quarterstaff!
* * * LOW HITPOINT WARNING * * *
You hit Joseph.
Joseph is lightly wounded.
Joseph barely misses you.
The kobold brigand throws a poisoned dart.
The poisoned dart closely misses you.
Unknown command.
The sentinel's mark upon you fades away.
Joseph closely misses you.
You completely miss Joseph.
Joseph is lightly wounded.
Joseph smiles happily.
Joseph barely misses you.
You bite Joseph!
Joseph is poisoned.
Joseph is moderately wounded.
Joseph hits you with a +0 quarterstaff!!
* * * LOW HITPOINT WARNING * * *
The kobold brigand throws a poisoned dart.
The poisoned dart completely misses you.
Joseph zaps a wand.
The mass of ice explodes!
The iceblast engulfs you!
You die...

#.......# #.......# #.......#
#.....).# #.......# #.......#
#.......# #.......### #####
##.K.s.....#
.)†.########...######.###
###..........@## #...########
....##......KK#########........#
###......####.K......#.........#
##.....# ##.......#.........#
#.#...# #.........#...#####
......#####........##....####
h..#....K>.............##......


You could see Joseph (very poisoned) and 2 kobolds.

Vanquished Creatures
  Harold (D:8)
  2 two-headed ogres
  Maurice (D:8)
  Grinder (D:3)
  Prince Ribbit (D:5)
  A hornet (D:8)
  Eustachio (D:4)
  2 steam dragons (D:8)
  Grum (D:8)
  3 water moccasins
  Duvessa (D:5)
  2 ice beasts (D:7)
  An orc warrior (D:8)
  A sky beast (D:6)
  3 necrophages
  2 wolves (D:8)
  2 ogres
  2 centaurs
  A phantom (D:4)
  Blork the orc (D:5)
  A kobold brigand (D:5)
  A bullfrog (D:7)
  A wyvern zombie (D:5)
  A scorpion (D:6)
  A water moccasin skeleton (D:5)
  Dowan (D:5)
  3 wights (D:8)
  4 howler monkeys
  3 jellies
  A centaur zombie (D:8)
  3 hounds
  An orc priest (D:6)
  2 gnoll shamans
  2 centaur skeletons
  2 iguanas
  An orc wizard (D:8)
  7 gnolls
  A howler monkey skeleton (D:6)
  6 adders
  An adder skeleton (D:4)
  3 dart slugs
  19 orcs
  8 bats
  8 endoplasms
  4 giant cockroaches
  6 goblins
  5 hobgoblins
  10 jackals
  10 kobolds
  2 quokkas
  9 ball pythons
  11 frilled lizards
  A rat (D:1)
169 creatures vanquished.

Vanquished Creatures (others)
  A gnoll (D:8)
  3 plants (D:6)
4 creatures vanquished.

Grand Total: 173 creatures vanquished

Notes
Turn   | Place    | Note
-------+----------+-------------------------------------------
     0 | D:1      | siradein the Draconian Transmuter began the quest for the
                  | Orb.
     0 | D:1      | Reached XP level 1. HP: 16/16 MP: 3/3
   208 | D:1      | Found a faded altar of an unknown god.
   352 | D:1      | Reached XP level 2. HP: 23/23 MP: 1/5
   617 | D:1      | Learned a level 2 spell: Wereblood
  1095 | D:2      | Reached XP level 3. HP: 28/29 MP: 6/6
  1187 | D:2      | Found a sacrificial altar of Ru.
  1603 | D:2      | Reached XP level 4. HP: 35/36 MP: 5/7
  2236 | D:3      | Found a broken altar of Ashenzari.
  2243 | D:3      | Learned a level 3 spell: Spider Form
  2436 | D:3      | Found Saifo's Jewellery Emporium.
  2818 | D:4      | Noticed a phantom
  3375 | D:4      | Noticed Grinder
  3837 | D:4      | Reached XP level 5. HP: 37/42 MP: 7/9
  3941 | D:4      | Killed a phantom
  4042 | D:4      | Reached XP level 6. HP: 49/51 MP: 8/10
  4203 | D:4      | Noticed Eustachio
  4208 | D:4      | Identified a scroll of acquirement
  4292 | D:5      | Entered Level 5 of the Dungeon
  4595 | D:5      | Noticed Prince Ribbit
  4628 | D:5      | Killed Prince Ribbit
  4629 | D:5      | Your scales start taking on a dull iron-grey colour.
  4629 | D:5      | Reached XP level 7. HP: 25/58 MP: 8/12
  4843 | D:4      | Killed Eustachio
  5286 | D:5      | Noticed Blork the orc
  5306 | D:5      | Killed Blork the orc
  5382 | D:5      | Noticed Dowan
  5400 | D:5      | Noticed Duvessa
  5424 | D:5      | Killed Duvessa
  5425 | D:5      | Reached skill level 5 in Unarmed Combat
  5429 | D:5      | Killed Dowan
  5430 | D:5      | Reached XP level 8. HP: 40/67 MP: 10/14
  5669 | D:5      | Learned a level 4 spell: Ice Form
  5796 | D:5      | Reached skill level 5 in Fighting
  6181 | D:6      | Reached skill level 5 in Transmutations
  6417 | D:6      | Noticed a two-headed ogre
  6471 | D:6      | HP: 2/68 [two-headed ogre (17)]
  7247 | D:6      | Identified the +8 spear of Xomedd {vorpal, rCorr}
  7255 | D:6      | Found a staircase to the Ecumenical Temple.
  7291 | D:6      | Killed a two-headed ogre
  7292 | D:6      | Reached skill level 5 in Dodging
  7292 | D:6      | Reached skill level 5 in Spellcasting
  7292 | D:6      | Reached XP level 9. HP: 51/75 MP: 16/16
  7308 | Temple   | Entered the Ecumenical Temple
  7669 | Temple   | Became a worshipper of Makhleb the Destroyer
  8079 | D:6      | Found a sacrificial altar of Ru.
  9045 | D:3      | Paralysed by Grinder for 3 turns
  9051 | D:3      | Killed Grinder
  9052 | D:3      | Reached skill level 1 in Invocations
  9771 | D:7      | Noticed a two-headed ogre
  9823 | D:7      | Killed a two-headed ogre
 10790 | D:8      | Noticed Maurice
 10802 | D:8      | Killed Maurice
 10803 | D:8      | Reached XP level 10. HP: 36/86 MP: 16/19
 11009 | D:8      | Reached * piety under Makhleb
 11019 | D:8      | Noticed Harold
 11446 | D:8      | Noticed Grum
 11467 | D:8      | Killed Grum
 11839 | D:8      | Killed Harold
 11847 | D:8      | Noticed Joseph
 11880 | D:8      | HP: 4/88 [Joseph (19)]
 11883 | D:8      | Killed from afar by Joseph

Illustrated notes

Levels and vault maps discovered:
D:1:      dpeg_arrival_castle, layout_loops_ring,
          shapermc_ecumenical_altar_totnotflames
D:2:      layout_basic, basic_altar
D:3:      layout_loops_ring, nicolae_ashenzari_panopticon, serial_shops,
          nicolae_lakefront_shop
D:4:      layout_basic, uniq_grinder, uniq_eustachio
D:5:      layout_basic, uniq_prince_ribbit1, uniq_blork_the_orc, uniq_duvessa
D:6:      layout_basic, marbit_many_paths,
          minmay_temple_entry_statues_fountains, chequers_serial_rivers_micro_c,
          minmay_lizard_king
D:7:      layout_layer_cave, minmay_misc_feat_rows
D:8:      layout_rooms, enter_bailey_7, uniq_joseph, uniq_harold, uniq_maurice,
          uniq_grum
Temple:   mainiacjoe_temple_cubbyholes

Skill      XL: |  1  2  3  4  5  6  7  8  9 10 |
---------------+-------------------------------+-----
Dodging        | 2 3 4 5 6 |  6.6
Fighting       | 2 3 4 6 7 |  7.7
Transmutations | 3 4 5 6 7 |  7.2
Unarmed Combat | 4 5 6 7 |  7.5
Spellcasting   | 3 4 5 6 |  6.6
Invocations    | 3 4 |  4.4

Action                   |  1- 3 |  4- 6 |  7- 9 | 10-12 || total
-------------------------+-------+-------+-------+-------++-------
Melee: Unarmed           |   121 |   134 |   136 |    31 ||   422
       Kick              |    21 |    32 |    54 |    17 ||   124
       Headbutt          |    13 |    17 |    34 |    11 ||    75
       Punch             |     4 |     3 |    11 |     5 ||    23
       Tailslap          |     5 |    22 |    16 |    10 ||    53
       Spear             |       |       |    71 |    61 ||   132
 Cast: Beastly Appendage |    24 |    30 |    30 |     6 ||    90
       Spider Form       |       |     4 |    10 |     4 ||    18
       Wereblood         |       |     1 |     8 |     6 ||    15
  Use: Scroll            |     5 |     2 |     2 |     1 ||    10
       Potion            |       |       |     2 |       ||     2
 Stab: Sleeping          |       |     2 |     2 |       ||     4
Armor: Skin              |    40 |    22 |    60 |    34 ||   156
Dodge: Dodged            |    89 |    82 |   190 |   135 ||   496

Table legend: (Time is in decaauts)
 A = Elapsed time spent in this place.
 B = Non-inter-level travel time spent in this place.
 C = Inter-level travel time spent in this place.
 D = Time resting spent in this place.
 E = Time spent auto-exploring this place.
 F = Levels seen in this place.
 G = Mean time per level.
                   A        B        C        D        E       F      G
               +--------+--------+--------+--------+--------+-----+--------+
         Total |  11874 |  11471 |    403 |   1827 |   7264 |   9 | 1319.3 |
       Dungeon |  11436 |  11082 |    354 |   1827 |   6888 |   8 | 1429.5 |
        Temple |    437 |    388 |     49 |      0 |    376 |   1 |  437.0 |
               +--------+--------+--------+--------+--------+-----+--------+

Top non-repeatable levels by time:
     D:5: 2739 daAuts
     D:7: 1700 daAuts
     D:3: 1597 daAuts
     D:6: 1407 daAuts
     D:4: 1171 daAuts
     D:1: 1078 daAuts
     D:2: 985 daAuts
     D:8: 756 daAuts
  Temple: 437 daAuts
